 Dungeon Crawl Stone Soup version 0.23.1-37-gaa34b87b72 (webtiles) character file.

Game seed: 12890132884944410978

10988 PentaManta the Spear-Bearer (level 11, -11/142 HPs)
             Began as a Merfolk Berserker on Mar 26, 2019.
             Was a High Priest of Trog.
             Mangled by a slime creature (18 damage)
             ... on level 12 of the Dungeon.
             The game lasted 00:31:39 (12649 turns).

PentaManta the Spear-Bearer (Merfolk Berserker)    Turns: 12649, Time: 00:31:39

Health: -11/142    AC:  1    Str: 26    XL:     11   Next: 70%
Magic:  11/11      EV: 22    Int:  6    God:    Trog [*****.]
Gold:   590        SH:  0    Dex: 16    Spells: 10/10 levels left

rFire    . . .     SeeInvis +   O - +5 trident
rCold    . . .     Gourm    +   (no shield)
rNeg     . . .     Faith    .   z - +0 troll leather armour
rPois    +         Spirit   .   (no helmet)
rElec    .         Reflect  .   (no cloak)
rCorr    .         Harm     .   (no gloves)
MR       +....                  k - +0 pair of boots
Stlth    ..........             E - amulet of the gourmand
HPRegen  0.73/turn              I - ring of poison resistance
MPRegen  0.12/turn              F - ring "Geow" {*Corrode +Inv MR+ Dex+2 SInv}

@: berserking, corroded, very quick
A: change form in water, swift swim, stealthy swim
a: Berserk, Trog's Hand, Brothers in Arms, Renounce Religion, Evoke Invisibility


You were on level 12 of the Dungeon.
You worshipped Trog.
Trog was extremely pleased with you.
You were full.

You visited 2 branches of the dungeon, and saw 13 of its levels.
You also visited: Sewer and Ossuary.

You collected 733 gold pieces.
You spent 143 gold pieces at shops.

Inventory:

Hand Weapons
 O - a +5 trident (weapon)
Missiles
 C - 143 stones (quivered)
 N - a throwing net
Armour
 a - a +0 buckler
 k - a +0 pair of boots (worn)
 z - a +0 troll leather armour (worn)
Jewellery
 n - an uncursed ring of fire
 u - an uncursed ring of ice
 v - an uncursed ring of protection from magic
 E - an amulet of the gourmand (around neck)
 F - the ring "Geow" (right hand) {*Corrode +Inv MR+ Dex+2 SInv}
   (You found it on level 6 of the Dungeon)

   [ring of see invisible]

   It affects your dexterity (+2).
   It affects your resistance to hostile enchantments.
   It lets you see invisible.
   It lets you turn invisible.
   It may corrode you when you take damage.
 G - an uncursed ring of fire
 I - a ring of poison resistance (left hand)
Wands
 g - a wand of random effects (36)
 x - a wand of digging (5)
 B - a wand of disintegration (22)
 J - a wand of enslavement (9)
 Q - a wand of polymorph (11)
 S - a wand of flame (19)
Scrolls
 d - 3 scrolls of magic mapping
 f - 5 scrolls of remove curse
 h - a scroll of identify
 i - 11 scrolls of teleportation
 j - 2 scrolls of enchant weapon
 o - 5 scrolls of fear
 t - 6 scrolls of fog
 D - a scroll of blinking
Potions
 b - 2 potions of mutation
 e - 3 potions of haste
 l - 9 potions of curing
 m - 2 potions of cancellation
 p - 3 potions of lignification
 q - 4 potions of brilliance
 r - 4 potions of magic
 s - 7 potions of might
 A - a potion of flight
 H - a potion of berserk rage
 K - 2 potions of heal wounds
Comestibles
 c - 23 rations


   Skills:
 + Level 11.8 Fighting
 + Level 14.8 Polearms
 - Level 1.3 Armour
 + Level 13.4 Dodging


You had 10 spell levels left.
You didn't know any spells.
Your spell library contained the following spells:

 Spells                   Type           Power        Failure   Level  Hunger
 Flame Tongue             Conj/Fire      #....        50%         1    ##.....
 Summon Small Mammal      Summ           #...         50%         1    ##.....
 Call Imp                 Summ           #.......     63%         2    ###....
 Throw Flame              Conj/Fire      #.....       63%         2    ###....
 Call Canine Familiar     Summ           #.......     86%         3    ####...
 Conjure Flame            Conj/Fire      #.......     86%         3    ####...
 Inner Flame              Hex/Fire       #.......     86%         3    ####...
 Summon Guardian Golem    Hex/Summ       #.......     86%         3    ####...
 Sticky Flame             Conj/Fire      #.......     99%         4    #####..
 Summon Ice Beast         Ice/Summ       #.......     99%         4    #####..
 Summon Lightning Spire   Summ/Air       #.......     99%         4    #####..
 Fireball                 Conj/Fire      #.........   100%        5    ######.


Dungeon Overview and Level Annotations

Branches:
Dungeon (12/15)            Temple (1/1) D:6            Lair (0/6) D:8
    Orc: D:9-12

Altars:
Ashenzari
Cheibriados
Dithmenos
Elyvilon
Fedhas
Gozag
Hepliaklqana
Kikubaaqudgha
Makhleb
Nemelex Xobeh
Okawaru
Qazlal
Ru
Sif Muna
Trog
Uskayaw
Vehumet
Wu Jian
Xom
Yredelemnul
Zin
The Shining One

Shops:
D:4 [   D:10 %}%(=


Message History

The slime creature misses you. The slime creature hits you!
* * * LOW HITPOINT WARNING * * *
Your corrosive artefact corrodes you!
The slime creature misses you.
You puncture the slime creature!
You kill the slime creature!
Trog accepts your kill.
The slime creature completely misses you.
You puncture the slime creature!
The slime creature is lightly wounded.
You puncture the slime creature!
The slime creature is moderately wounded.
The slime creature hits you!
* * * LOW HITPOINT WARNING * * *
The slime creature completely misses you.
You puncture the slime creature!
The slime creature is heavily wounded.
You puncture the slime creature!
The slime creature is severely wounded.
The slime creature hits you!!
You die...

...### ..^..+ ....# ....#
....##+## +###########......# ##
...........#[...#.# #. ###
######.##.#JJ....# #.
..########.##.'.@....# #########.
#.#........##.#......###.......#.
..'.....##.####......#.#.#..#..#.
..########.#.....[...'.#.......#.
#........#.#.#....####.#...#####.
....####.###.#..#.# #.'...#.....
##.......###....#.####.#.#.'.....
#....####.####.#....#.#...#.....
#.##.'.....# #......#.#...#.....


You could see 2 slime creatures.

Vanquished Creatures
  2 two-headed ogres
  A cyclops (D:11)
  A hornet (D:9)
  2 trolls
  2 slime creatures (D:12)
  3 hippogriffs
  2 wyverns
  A wraith (D:12)
  A basilisk (D:8)
  9 yaks
  A hungry ghost (D:7)
  Edmund (D:5)
  2 soldier ants (D:9)
  A swamp drake (D:8)
  3 orc warriors
  A sky beast (D:9)
  An ice beast (D:10)
  A necrophage (D:8)
  2 phantoms
  4 ogres
  4 crocodiles (D:8)
  3 big kobolds
  4 elf zombies (Ossuary)
  5 bullfrogs
  2 scorpions
  19 killer bees
  7 wights
  A howler monkey (D:4)
  5 centaur zombies
  2 crimson imps
  A bullfrog zombie (D:7)
  A jelly (D:11)
  A quasit (D:10)
  4 orc priests
  10 orc wizards
  3 centaur skeletons
  8 hounds
  4 human zombies (Ossuary)
  3 iguanas
  Terence (D:3)
  Natasha (thrice) (D:4)
  11 worker ants
  2 hound skeletons
  3 mummies (Ossuary)
  A howler monkey zombie (D:11)
  7 gnolls
  A howler monkey skeleton (D:8)
  15 adders
  A river rat (Sewer)
  2 shadow imps
  2 oozes (D:3)
  An adder zombie (D:7)
  4 worms
  2 dart slugs
  8 leopard geckos
  27 orcs
  5 bats
  7 giant cockroaches
  5 goblins
  10 hobgoblins
  8 jackals
  18 kobolds
  2 quokkas
  4 ball pythons
  5 frilled lizards
  A leopard gecko skeleton (D:4)
  A leopard gecko zombie (D:8)
  11 rats
  A spectral orc (D:8)
297 creatures vanquished.

Notes
Turn   | Place    | Note
-------+----------+-------------------------------------------
     0 | D:1      | PentaManta the Merfolk Berserker began the quest for the
                  | Orb.
     0 | D:1      | Reached XP level 1. HP: 18/18 MP: 1/1
   419 | D:1      | Reached XP level 2. HP: 21/24 MP: 2/2
   954 | D:2      | Reached skill level 5 in Polearms
   954 | D:2      | Reached XP level 3. HP: 30/30 MP: 3/3
  1099 | D:2      | Reached ** piety under Trog
  1528 | D:2      | Reached XP level 4. HP: 33/37 MP: 4/4
  1549 | D:2      | Found a shimmering altar of Xom.
  1549 | D:2      | Found a white marble altar of Elyvilon.
  1759 | D:3      | Found a glowing drain.
  1763 | D:3      | Noticed Terence
  1775 | D:3      | Killed Terence
  1803 | Sewer    | Entered a sewer
  1828 | Sewer    | Reached XP level 5. HP: 32/43 MP: 5/5
  1834 | Sewer    | Noticed a big kobold
  1854 | Sewer    | Killed a big kobold
  1854 | Sewer    | Reached skill level 6 in Polearms
  2032 | Sewer    | Reached skill level 5 in Dodging
  2327 | Sewer    | Reached XP level 6. HP: 50/50 MP: 6/6
  2416 | Sewer    | Reached skill level 5 in Fighting
  2487 | D:3      | Reached *** piety under Trog
  2751 | D:3      | Reached skill level 7 in Polearms
  3195 | D:4      | Noticed Natasha
  3199 | D:4      | Reached XP level 7. HP: 56/56 MP: 7/7
  3204 | D:4      | Killed Natasha
  3363 | D:4      | Found a sand-covered staircase.
  3368 | Ossuary  | Entered an ossuary
  3549 | Ossuary  | Reached skill level 8 in Polearms
  3807 | Ossuary  | Reached XP level 8. HP: 50/65 MP: 8/8
  3991 | Ossuary  | Reached skill level 9 in Polearms
  4406 | D:4      | Noticed Natasha
  4417 | D:4      | Killed Natasha
  4426 | D:4      | Reached **** piety under Trog
  4483 | D:4      | Found Vickik Isut's Armour Emporium.
  4505 | D:4      | Bought a +1 ring mail of poison resistance for 143 gold
                  | pieces
  4539 | D:4      | Noticed Natasha
  4549 | D:4      | Killed Natasha
  4559 | D:4      | Found a bloodstained altar of Trog.
  4820 | D:5      | Entered Level 5 of the Dungeon
  5080 | D:5      | Noticed Edmund
  5300 | D:5      | Killed Edmund
  5300 | D:5      | Reached skill level 10 in Polearms
  5300 | D:5      | Reached XP level 9. HP: 73/73 MP: 9/9
  6293 | D:6      | Found a staircase to the Ecumenical Temple.
  6349 | D:6      | Got a wavering brass ring
  6352 | D:6      | Identified the ring "Geow" {*Corrode +Inv MR+ Dex+2 SInv}
                  | (You found it on level 6 of the Dungeon)
  6478 | D:6      | Reached skill level 11 in Polearms
  6919 | Temple   | Entered the Ecumenical Temple
  7120 | D:7      | Reached skill level 10 in Dodging
  7450 | D:7      | Found a deep blue altar of Sif Muna.
  7454 | D:7      | Found a sacrificial altar of Ru.
  7458 | D:7      | Found a stormy altar of Qazlal.
  7569 | D:7      | Reached XP level 10. HP: 76/83 MP: 10/10
  7575 | D:7      | Reached ***** piety under Trog
  7595 | D:7      | Reached skill level 12 in Polearms
  8519 | D:8      | Reached skill level 10 in Fighting
  8557 | D:8      | Found a staircase to the Lair.
  8791 | D:8      | Found a basalt altar of Yredelemnul.
  8897 | D:8      | Found a shattered altar of Ashenzari.
  9894 | D:9      | Noticed a two-headed ogre
  9904 | D:9      | Killed a two-headed ogre
  9904 | D:9      | Reached skill level 13 in Polearms
 10368 | D:10     | Entered Level 10 of the Dungeon
 10423 | D:10     | Reached XP level 11. HP: 91/92 MP: 11/11
 10705 | D:10     | Found Asikesuc's Weapon Emporium.
 10705 | D:10     | Found Heungurosyrr's Gadget Emporium.
 10709 | D:10     | Found Dyshroptu's Food Emporium.
 10710 | D:10     | Found Kamighys's Food Emporium.
 10856 | D:10     | Found a shimmering altar of Xom.
 11055 | D:10     | Found Piasir's Jewellery Boutique.
 11235 | D:10     | Identified a scroll of acquirement
 11361 | D:11     | Reached skill level 14 in Polearms
 11908 | D:11     | Received a gift from Trog
 11974 | D:11     | Noticed a cyclops
 11983 | D:11     | Killed a cyclops
 12475 | D:12     | Noticed a two-headed ogre
 12482 | D:12     | Killed a two-headed ogre
 12647 | D:12     | HP: 6/142 [slime creature (16)]
 12649 | D:12     | Mangled by a slime creature

Skill      XL: |  1  2  3  4  5  6  7  8  9 10 11 |
---------------+----------------------------------+-----
Dodging        | 3 4 5 7 8 10 12 13 | 13.4
Polearms       | 5 6 7 8 10 11 13 14 | 14.8
Fighting       | 4 5 6 7 9 10 11 | 11.8
Armour         | |  1.3

Action                   |  1- 3 |  4- 6 |  7- 9 | 10-12 || total
-------------------------+-------+-------+-------+-------++-------
Melee: Spear             |   161 |   242 |   768 |   490 ||  1661
       Tailslap          |       |     7 |       |       ||     7
       Trident           |       |       |       |   173 ||   173
Invok: Berserk           |     2 |     3 |     7 |     8 ||    20
       Trog's Hand       |       |       |       |     2 ||     2
  Use: Scroll            |       |     4 |     9 |    12 ||    25
 Stab: Sleeping          |     3 |     3 |       |       ||     6
       Distracted        |     1 |     1 |       |       ||     2
  Eat: Chunk             |     3 |     8 |    24 |    26 ||    61
       Ration            |       |       |     3 |       ||     3
Armor: Animal skin       |    20 |    40 |    51 |       ||   111
       Ring mail         |       |       |    70 |    65 ||   135
       Troll leather arm |       |       |       |     3 ||     3
Dodge: Dodged            |    64 |   121 |   335 |   380 ||   900
